 Dungeon Crawl Stone Soup version bcrawl-1.20 (webtiles) character file.

Game seed: 15366559292830737439

99 Freyura the Skirmisher (level 5, -2/42 HPs)
             Began as a Formicid Abyssal Knight on Jan 20, 2020.
             Was a Follower of Lugonu.
             Slain by a leopard gecko (4 damage)
             ... on level 3 of the Dungeon.
             The game lasted 00:04:15 (2153 turns).

Freyura the Skirmisher (Formicid Abyssal Knight)    Turns: 2153, Time: 00:04:15

Health: -2/42      AC: 10    Str: 16    XL:     5   Next: 2%
Magic:  7/7        EV:  7    Int: 12    God:    Lugonu [*.....]
Gold:   209        SH:  0    Dex: 11    Spells: 4/4 levels left

rFire    . . .     SeeInvis +   a - +1 mace
rCold    . . .     Gourm    .   (no shield)
rNeg     . . .     Faith    .   i - +0 chain mail
rPois    .         Spirit   .   (helmet unavailable)
rElec    .         Reflect  .   (no cloak)
rCorr    .         Harm     .   n - +0 pair of gloves
MR       .....                  (no boots)
Stlth    ..........             (no amulet)
HPRegen  0.14/turn              (no ring)
MPRegen  0.10/turn              (no ring)

@: no status effects
A: permanent stasis, dig shafts and tunnels, four strong arms, antennae 3
a: Dig, Shaft Self, Depart the Abyss, Bend Space, Renounce Religion


You were on level 3 of the Dungeon.
You worshipped Lugonu.
Lugonu was aware of your devotion.
You were not hungry.

You visited 1 branch of the dungeon, and saw 3 of its levels.
You visited the Abyss 1 time.

You collected 209 gold pieces.

Inventory:

Hand Weapons
 a - a +1 mace (weapon)
Missiles
 c - 1003 stones (quivered)
Armour
 b - a +0 leather armour
 i - a +0 chain mail (worn)
 n - a +0 pair of gloves (worn)
Scrolls
 g - 7 scrolls of identify {unknown}
 k - a scroll of fear {unknown}
 l - a scroll of amnesia {unknown}
 m - a scroll of enchant armour {unknown}
 p - a scroll of enchant weapon {unknown}
 r - a scroll of teleportation {unknown}
Potions
 d - 3 potions of might
 f - 2 potions of agility {unknown}
 h - a potion of degeneration {unknown}
 j - a potion of lignification {unknown}
 o - a potion of flight {unknown}
 q - a potion of curing {unknown}
 s - a potion of haste {unknown}
Comestibles
 e - 6 rations {!d}


   Skills:
 + Level 3.7 Fighting
 * Level 3.2 Maces & Flails
 + Level 2.9 Armour
 + Level 1.6 Dodging
 + Level 3.1 Invocations


You had 4 spell levels left.
You didn't know any spells.
Your spell library was empty.

Dungeon Overview and Level Annotations

Branches:
Dungeon (3/12)

Altars:
Trog


Innate Abilities, Weirdness & Mutations

You cannot be hasted, slowed, berserked, paralysed or teleported.
You can dig through walls and to a lower floor.
Your four strong arms can wield two-handed weapons with a shield.
You have a pair of large antennae on your head. (SInv)


Message History

The orc is lightly wounded.
The orc hits you with a +0 mace! The leopard gecko bites you.
The orc hits you with a +0 morningstar.
* * * LOW HITPOINT WARNING * * *
The leopard gecko bites you but does no damage.
Your chain mail prevents you from hitting the orc.
The orc is lightly wounded.
The orc hits you with a +0 mace.
* * * LOW HITPOINT WARNING * * *
The leopard gecko bites you but does no damage.
You closely miss the orc.
The leopard gecko bites you but does no damage.
The orc hits you but does no damage. The leopard gecko barely misses you.
You closely miss the orc. The orc completely misses you.
The leopard gecko bites you but does no damage.
The orc hits you but does no damage.
You hit the orc.
The orc is heavily wounded.
The leopard gecko bites you.
You die...

...###..................
........................
...#....................
...#....................
...#...###.............#
.......................#
......#.....#.........##
#.#... .....#....o....#
...#. .... #...@l....#
#.### ####oo....# .....
......... .....
.......... .....
...%.#....# #.###
#.....#....# # ..
#...###....# # .. .$..
...# #


You could see an orc priest, 2 orcs and a leopard gecko.

Vanquished Creatures
  A hound (D:3)
  A gnoll (D:2)
  An adder (D:2)
  An ooze (D:3)
  A worm (D:2)
  A dart slug (D:2)
  A leopard gecko (D:2)
  5 orcs
  4 bats
  2 goblins (D:2)
  3 hobgoblins
  2 jackals (D:1)
  A quokka (D:2)
  A ball python (D:2)
  3 kobolds
  A quokka zombie (D:3)
  5 rats
34 creatures vanquished.

Notes
Turn   | Place    | Note
-------+----------+-------------------------------------------
     0 | Abyss:1  | Freyura the Formicid Abyssal Knight began the quest for the
                  | Orb.
     0 | Abyss:1  | Reached XP level 1. HP: 18/18 MP: 2/2
    18 | D:1      | Escaped the Abyss
    76 | D:1      | Reached skill level 1 in Dodging
   108 | D:1      | Reached XP level 2. HP: 24/24 MP: 3/3
   653 | D:2      | Reached XP level 3. HP: 15/29 MP: 3/5
  1470 | D:2      | Reached XP level 4. HP: 20/36 MP: 6/6
  1905 | D:3      | Reached XP level 5. HP: 16/42 MP: 7/7
  2085 | D:3      | Found a bloodstained altar of Trog.
  2150 | D:3      | HP: 2/42 [orc/+0 mace (5)]
  2153 | D:3      | Slain by a leopard gecko

Skill      XL: |  1  2  3  4 |
---------------+-------------+-----
Dodging        | 1 |  1.6
Invocations    | 3 |  3.1
Maces & Flails | 3 |  3.2
Fighting       | |  3.7
Armour         | |  2.9

Action                   |  1- 3 |  4- 6 || total
-------------------------+-------+-------++-------
Melee: Mace              |    89 |    61 ||   150
  Use: Potion            |     1 |       ||     1
  Eat: Chunk             |     2 |     2 ||     4
Armor: Leather armour    |     3 |       ||     3
       Chain mail        |    50 |    68 ||   118
Dodge: Dodged            |    44 |    40 ||    84
